 Crawl Stoat Soup version 0.22-s0-43-ga5c91f0 (webtiles) character file.

632673 catcat the Impregnable (level 26, -2/255 (258) HPs)
             Began as a Mountain Dwarf Fighter on Apr 22, 2020.
             Was the Champion of Okawaru.
             Slain by a stone giant (41 damage)
             ... on level 3 of the Depths on Apr 24, 2020.
             The game lasted 03:14:22 (60716 turns).

catcat the Impregnable (Mountain Dwarf Fighter)    Turns: 60716, Time: 03:14:24

HP:   -2/255 (258)  AC:  7    Str: 38    XL:     26   Next: 83%
MP:   30/30         EV: 20    Int: 10    God:    Okawaru [******]
Gold: 4874          SH: 31    Dex: 19    Spells: 25/25 levels left

rFire    + + +     SeeInvis .   h - +9 morningstar "Xoumna Jiot" {flame, Str+7 Dex+3}
rCold    + . .     Gourm    .   c - +2 large shield {reflect}
rNeg     + + +     Faith    +   M - +0 gold dragon scales
rPois    +         Spirit   .   i - +2 helmet of the Maze {rPois rC- rCorr Slay+2}
rElec    +         Warding  .   X - +0 cloak {MR+}
rCorr    +         Reflect  +   z - +2 pair of gloves of Least Resistance {rF+ Regen+}
MR       +++++     Harm     .   V - -1 pair of boots "Kebbi" {-Cast MR+ Str+4 Dex+4} Stlth ..........Rnd*Rage +
                                O - amulet "Udulanag" {Faith rN++ Int+2 *Curse}
HPRegen  0.92/turn NoCast   +   q - ring of Arghana {rElec rF+ MR+ Str-2 Stlth+}
MPRegen  0.22/turn              x - ring of Bujue {rC+ rN++ Int+2 Dex+3}

@: about to teleport, corroded, very slow
A: hooves 1, berserk 1, clumsy 1, deformed body, deterioration 1, low mp 1,
screaming 1, weak 2, subdued magic 1
}: 4/15 runes: barnacled, slimy, silver, gossamer
a: Heroism, Finesse, Renounce Religion


You were on level 3 of the Depths.
You worshipped Okawaru.
Okawaru was exalted by your worship.
You were not hungry.

You visited 10 branches of the dungeon, and saw 48 of its levels.
You also visited: Labyrinth, Volcano and Wizlab.

You collected 5727 gold pieces.
You spent 853 gold pieces at shops.

Inventory:

Hand Weapons
 h - the +9 morningstar "Xoumna Jiot" (weapon) {flame, Str+7 Dex+3}
   (Okawaru gifted it to you on level 1 of the Vaults)

   It has been specially enchanted to burn those struck by it, causing extra
   injury to most foes and up to half again as much damage against particularly
   susceptible opponents.
   It affects your strength (+7).
   It affects your dexterity (+3).
 N - a +3 eveningstar of freezing
Armour
 c - a +2 large shield of reflection (worn)
 i - the +2 helmet of the Maze (worn) {rPois rC- rCorr Slay+2}
   (You found it on level 3 of the Elven Halls)

   It affects your accuracy and damage with ranged weapons and melee attacks
   (+2).
   It makes you vulnerable to cold.
   It protects you from poison.
   It provides partial protection from all sources of acid and corrosion.
 z - the +2 pair of gloves of Least Resistance (worn) {rF+ Regen+}
   (You found it on level 3 of the Elven Halls)

   It protects you from fire.
   It increases your rate of regeneration.
 M - +0 gold dragon scales (worn)
 V - the -1 pair of boots "Kebbi" (worn) {-Cast MR+ Str+4 Dex+4}
   (You found it on level 3 of the Lair of Beasts)

   It affects your strength (+4).
   It affects your dexterity (+4).
   It affects your resistance to hostile enchantments.
   It prevents spellcasting and suppresses permanent enchantments.
 X - a +0 cloak of magic resistance (worn)
Jewellery
 a - the ring of Equivalence {rPois rF++ rN+ Dex+4}
   (You took it off a deep elf high priest on level 3 of the Elven Halls)

   [ring of dexterity]

   It affects your dexterity (+4).
   It greatly protects you from fire.
   It protects you from poison.
   It protects you from negative energy.
 q - the ring of Arghana (left hand) {rElec rF+ MR+ Str-2 Stlth+}
   (You found it on level 5 of the Pits of Slime)

   [ring of protection from magic]

   It affects your strength (-2).
   It protects you from fire.
   It insulates you from electricity.
   It affects your resistance to hostile enchantments.
   It makes you more stealthy.
 x - the ring of Bujue (right hand) {rC+ rN++ Int+2 Dex+3}
   (You took it off an ironheart preserver on level 5 of the Vaults)

   [ring of protection from cold]

   It affects your intelligence (+2).
   It affects your dexterity (+3).
   It protects you from cold.
   It greatly protects you from negative energy.
 B - an uncursed ring of see invisible
 E - the ring "Womej" {MR+ Str+3 Dex+4}
   (You found it on level 5 of the Pits of Slime)

   [ring of strength]

   It affects your strength (+3).
   It affects your dexterity (+4).
   It affects your resistance to hostile enchantments.
 O - the amulet "Udulanag" (around neck) {Faith rN++ Int+2 *Curse}
   (You acquired it on level 3 of the Lair of Beasts)

   [amulet of faith]

   It allows you to gain divine favour quickly.
   It affects your intelligence (+2).
   It greatly protects you from negative energy.
   It curses itself when equipped.
 W - the ring "Waopril" {rCorr Int+4}
   (You acquired it on level 3 of the Lair of Beasts)

   [ring of resist corrosion]

   It affects your intelligence (+4).
Wands
 g - a wand of acid (42)
 n - a wand of iceblast (26)
 o - a wand of enslavement (17)
 v - a wand of clouds (3)
 y - a wand of paralysis (89)
 T - a wand of digging (74)
 Y - a wand of polymorph (6)
Scrolls
 k - 22 scrolls of teleportation
 m - a scroll of silence
 r - 4 scrolls of identify
 w - 4 scrolls of holy word
 A - 20 scrolls of remove curse
 D - 4 scrolls of fog
 F - 12 scrolls of immolation
 H - a scroll of magic mapping
 I - 9 scrolls of enchant weapon
 J - 7 scrolls of enchant armour
 R - 3 scrolls of fear
 S - 5 scrolls of blinking
 Z - 2 scrolls of brand weapon
Potions
 b - 3 potions of agility
 d - 4 potions of might
 e - 8 potions of mutation
 j - 21 potions of curing
 p - 15 potions of heal wounds
 s - 6 potions of lignification
 t - a potion of flight
 u - 7 potions of resistance
 G - a potion of haste
 K - a potion of ambrosia
 Q - 2 potions of invisibility
 U - a potion of cancellation
Miscellaneous
 L - 3 boxes of beasts
Comestibles
 f - 39 bread rations
 l - 37 meat rations
 C - 49 fruits


   Skills:
 + Level 25.0 Fighting
 - Level 16.0 Maces & Flails
 - Level 25.2 Armour
 - Level 16.0 Dodging
 - Level 25.0 Shields
 - Level 14.0 Invocations
 - Level 17.0 Evocations


You had 25 spell levels left.
You didn't know any spells.
Your spell library contained the following spells:

 Spells                   Type           Power        Failure   Level  Hunger
 Animate Skeleton         Necr           N/A          83%         1    ##.....
 Apportation              Tloc           #.....       83%         1    ##.....
 Confusing Touch          Hex            #.....       83%         1    ##.....
 Corona                   Hex            #......      83%         1    ##.....
 Flame Tongue             Conj/Fire      #....        83%         1    ##.....
 Freeze                   Ice            #...         83%         1    ##.....
 Magic Dart               Conj           #...         83%         1    ##.....
 Pain                     Necr           #...         83%         1    ##.....
 Sandblast                Erth           #.....       83%         1    ##.....
 Summon Butterflies       Summ           #.......     83%         1    ##.....
 Summon Small Mammal      Summ           #...         83%         1    ##.....
 Blink                    Tloc           N/A          92%         2    ###....
 Call Imp                 Summ           #.......     92%         2    ###....
 Ensorcelled Hibernation  Hex/Ice        #.....       92%         2    ###....
 Passwall                 Tmut/Erth      #.......     92%         2    ###....
 Poisonous Vapours        Pois/Air       #.....       92%         2    ###....
 Shroud of Golubria       Chrm/Tloc      #.....       92%         2    ###....
 Slow                     Hex            #.......     92%         2    ###....
 Sublimation of Blood     Necr           #.........   92%         2    ###....
 Throw Flame              Conj/Fire      #.....       92%         2    ###....
 Throw Frost              Conj/Ice       #.....       92%         2    ###....
 Call Canine Familiar     Summ           #.......     99%         3    ####...
 Confuse                  Hex            #.......     99%         3    ####...
 Conjure Flame            Conj/Fire      #.......     99%         3    ####...
 Dazzling Spray           Conj/Hex       #.....       99%         3    ####...
 Gell's Gravitas          Tloc           #.........   99%         3    ####...
 Ignite Poison            Fire/Tmut/Pois #.......     99%         3    ####...
 Inner Flame              Hex/Fire       #.......     99%         3    ####...
 Lesser Beckoning         Tloc           #.........   99%         3    ####...
 Mephitic Cloud           Conj/Pois/Air  #.......     99%         3    ####...
 Ozocubu's Armour         Chrm/Ice       #.......     99%         3    ####...
 Portal Projectile        Hex/Tloc       #.....       99%         3    ####...
 Regeneration             Chrm/Necr      #.........   99%         3    ####...
 Static Discharge         Conj/Air       #.......     99%         3    ####...
 Stone Arrow              Conj/Erth      #.....       99%         3    ####...
 Summon Guardian Golem    Hex/Summ       #.......     99%         3    ####...
 Tukima's Dance           Hex            #.......     99%         3    ####...
 Vampiric Draining        Necr           #.........   99%         3    ####...
 Animate Dead             Necr           N/A          100%        4    #####..
 Cause Fear               Hex            #.........   100%        4    #####..
 Force Lance              Conj/Tloc      #.......     100%        4    #####..
 Leda's Liquefaction      Hex/Erth       #.........   100%        4    #####..
 Petrify                  Tmut/Erth      #.......     100%        4    #####..
 Sticky Flame             Conj/Fire      #.......     100%        4    #####..
 Summon Ice Beast         Ice/Summ       #.......     100%        4    #####..
 Summon Lightning Spire   Summ/Air       #.......     100%        4    #####..
 Throw Icicle             Conj/Ice       #.......     100%        4    #####..
 Alistair's Intoxication  Tmut/Pois      #.......     100%        5    ######.
 Bolt of Magma            Conj/Fire/Erth #.........   100%        5    ######.
 Fireball                 Conj/Fire      #.........   100%        5    ######.
 Irradiate                Conj/Tmut      #.........   100%        5    ######.
 Iskenderun's Battlesphe  Conj/Chrm      #.......     100%        5    ######.
 Lee's Rapid Deconstruct  Erth           #.........   100%        5    ######.
 Lightning Bolt           Conj/Air       #.........   100%        5    ######.
 Metabolic Englaciation   Hex/Ice        #.........   100%        5    ######.
 Silence                  Hex/Air        #.........   100%        5    ######.
 Venom Bolt               Conj/Pois      #.........   100%        5    ######.
 Yara's Violent Unravell  Hex/Tmut       #.........   100%        5    ######.
 Bolt of Fire             Conj/Fire      #.........   100%        6    #######
 Darkness                 Hex            #.........   100%        6    #######
 Death Channel            Necr           #.........   100%        6    #######
 Deflect Missiles         Chrm/Air       #.........   100%        6    #######
 Dispersal                Tloc           #.........   100%        6    #######
 Freezing Cloud           Conj/Ice/Air   #.........   100%        6    #######
 Hydra Form               Tmut           #.........   100%        6    #######
 Invisibility             Hex            #.......     100%        6    #######
 Iron Shot                Conj/Erth      #.........   100%        6    #######
 Statue Form              Tmut/Erth      #........    100%        6    #######
 Dragon Form              Tmut           #.........   100%        7    #######
 Haunt                    Necr/Summ      #.........   100%        7    #######
 Orb of Destruction       Conj           #.........   100%        7    #######
 Ring of Flames           Chrm/Fire      #.........   100%        7    #######
 Spellforged Servitor     Conj/Summ      #.........   100%        7    #######
 Borgnjor's Revivificati  Necr           #.........   100%        8    #######
 Death's Door             Chrm/Necr      #.........   100%        8    #######
 Discord                  Hex            #.........   100%        8    #######
 Ignition                 Fire           #.........   100%        8    #######
 Infestation              Necr           #.........   100%        8    #######
 Necromutation            Tmut/Necr      #.........   100%        8    #######
 Dragon's Call            Summ           #.........   100%        9    #######
 Shatter                  Erth           #.........   100%        9    #######
 Tornado                  Air            #.........   100%        9    #######


Dungeon Overview and Level Annotations

Branches:
Dungeon (15/15)            Temple (1/1) D:7            Lair (6/6) D:8
 Shoals (4/4) Lair:2       Spider (4/4) Lair:4        Slime (5/5) Lair:5
    Orc (2/2) D:10            Elf (3/3) Orc:2        Vaults (5/5) D:14
  Crypt (0/3) Vaults:2     Depths (3/5) D:15

Altars:
Ashenzari
Cheibriados
Dithmenos
Elyvilon
Fedhas
Gozag
Hepliaklqana
Kikubaaqudgha
Makhleb
Nemelex Xobeh
Okawaru
Qazlal
Ru
Sif Muna
Trog
Uskayaw
Vehumet
Wu Jian
Xom
Yredelemnul
Zin
The Shining One
Beogh
Jiyva

Shops:
D:4 %   D:6 ?((*   D:12 [   D:15 !   Orc:2 *%(*   Elf:1 [[*!   Shoals:2 [
Shoals:4 ?   Vaults:2 }

Portals:
Hell: Depths:1 Depths:2
Pandemonium: Depths:1
Ziggurat: Depths:1
Trove: Vaults:4 (give horn of Geryon)

Annotations:
Lair:5 exclusion: 2 oklob plants
Lair:6 exclusion: 3 oklob plants
Depths:3 exclusion: ice statue


Innate Abilities, Weirdness & Mutations

You have large cloven feet.
You tend to lose your temper in combat.
You are clumsy. (Dex -2)
Armour fits poorly on your strangely shaped body.
Your body sometimes deteriorates upon taking damage.
Your magical capacity is low. (-10% MP)
You occasionally shout uncontrollably at your foes.
You are very weak. (Str -4)
Your spells are a little easier to cast, but a little less powerful.


Message History

Splash!
You fall into the shallow water.
Moving in this stuff is going to be slow.
A stone giant comes into view.
The stone giant shouts!
The glowing orange brain turns its attention towards you.
A rust devil comes into view.
The rust devil screeches!
The swamp worm changes into a shock serpent!
The glowing orange brain pulsates.
The glowing orange brain radiates an aura of fear!
You resist with almost no effort.
The ice statue gestures.
As you read the scroll of teleportation, it crumbles to dust.
You feel strangely unstable.
The shock serpent shoots out a bolt of lightning at you!
The bolt of electricity hits you! You resist.
* * * LOW HITPOINT WARNING * * *
The stone giant hits you!!!
You die...

.'....≈≈.8.≈≈... .'....≈≈.(.≈≈...
#..S..≈≈≈≈≈...[.#
#......≈≈≈......#
#...≈.......≈...
#####..≈≈.....≈≈..#####
####...#...≈.....≈...#...####
##......'...≈@C..≈≈...'......#
###.......4'...≈.G.≈...''(.)....
##!.........'...≈...≈...'.)......
#⌠?.........##.........##........
($...)...#####...._....#####.....
....T).###)).##.§}..§.##.[(###...
.....)'#......##(.∩..##..... #++.
....#(.........#######...... +#
...##.............§......... #


You could see a stone giant, an ice statue, a glowing orange brain, a shock
serpent shaped shifter and a rust devil.

Vanquished Creatures
  the Royal Jelly (Slime:5)
  3 ancient liches (Vaults:5)
  Margery (Vaults:4)
  Nikola (Spider:3)
  4 golden dragons
  Rupert (D:13)
  5 liches
  4 tentacled monstrosities
  7 titans
  3 deep elf blademasters
  5 quicksilver dragons
  30 acid blobs
  4 sphinxes
  6 shadow dragons
  Kirke (Spider:3)
  Agnes (D:15)
  4 storm dragons
  Gastronok (Lair:3)
  4 tengu reavers (Vaults:5)
  19 azure jellies
  2 iron dragons (Vaults:5)
  8 fire giants
  7 frost giants
  3 deep elf sorcerers (Elf:3)
  10 ghost moths
  2 orc warlords
  16 vault wardens
  4 emperor scorpions
  Louise (D:14)
  A balrug (Depths:3)
  11 deep elf elementalists
  A war gargoyle (Vaults:5)
  16 ironheart preservers
  14 stone giants
  A reaper (Depths:3)
  18 very ugly things
  3 entropy weavers
  8 deep elf demonologists
  A vampire knight (Depths:2)
  6 dire elephants (Lair:6)
  10 deep elf annihilators
  Azrael (Spider:3)
  A blizzard demon (Depths:3)
  2 merfolk javelineers (Shoals:4)
  4 spark wasps
  10 ettins
  An orange crystal statue (WizLab)
  10 deep elf death magi
  Snorg (D:12)
  14 merfolk impalers
  16 yaktaur captains
  14 death oozes (Slime:4)
  6 fire dragons
  A minotaur (Lab)
  14 ogre magi
  12 great orbs of eyes
  6 deep elf high priests
  9 ice dragons
  A hydra (shapeshifter) (Depths:1)
  4 rakshasas
  5 merfolk avatars
  32 vault guards
  An anaconda (Lair:6)
  10 centaur warriors
  3 hydras
  2 alligator snapping turtles
  50 two-headed ogres
  2 satyrs
  21 dancing weapons
  4 death knights
  7 deep troll shamans
  3 orc high priests
  Urug (D:10)
  13 death yaks
  6 merfolk aquamancers
  10 tengu warriors
  5 deep troll earth magi
  6 spriggan berserkers
  31 deep elf knights
  Sonja (D:13)
  2 sun demons (Depths:3)
  3 spriggans (Depths:2)
  2 large abominations
  12 hell knights
  8 skeletal warriors
  3 iron trolls (Depths:1)
  3 soul eaters (Depths:3)
  2 shadow wraiths
  A fire crab (Volcano)
  A deep troll (shapeshifter) (Depths:1)
  2 quicksilver dragon simulacra (Depths:3)
  2 flayed ghosts
  14 sea snakes
  2 glowing orange brains
  14 deep trolls
  Pikel (D:5)
  3 phantasmal warriors (Vaults:4)
  17 deep elf archers
  5 wizards
  A lindwurm (Volcano)
  30 harpies
  16 ironbrand convokers
  8 necromancers
  29 orc knights
  A mana viper (shapeshifter) (Vaults:5)
  83 deep elf magi
  A wolf spider (shapeshifter) (Depths:3)
  24 wolf spiders
  16 manticores
  5 orc sorcerers
  13 cyclopes
  10 fauns
  42 ugly things
  A salamander (shapeshifter) (Vaults:4)
  3 shining eyes
  12 merfolk sirens
  A moth of wrath (shapeshifter) (Vaults:4)
  17 orb spiders
  14 elephants
  Maurice (Orc:2)
  3 moths of wrath
  3 centaur zombies
  5 rust devils (Depths:3)
  7 black mambas
  5 eyes of devastation
  26 vault sentinels
  6 water nymphs
  2 black mambas (shapeshifter)
  A torpor snail (Lair:5)
  A human zombie (Vaults:5)
  A spiny frog (shapeshifter) (Vaults:3)
  3 rime drakes
  8 freezing wraiths
  17 spiny frogs
  A gargoyle (D:14)
  A rime drake (shapeshifter) (Depths:3)
  2 yaktaurs (shapeshifter)
  49 yaktaurs
  A kobold demonologist (D:11)
  3 tengu conjurers
  17 demonic crawlers
  7 ice devils (Depths:3)
  8 komodo dragons
  5 meliai
  3 meliai (shapeshifter)
  A queen bee (Lair:6)
  A merfolk (shapeshifter) (Vaults:1)
  11 wind drakes
  A jumping spider (shapeshifter) (Vaults:4)
  46 jumping spiders
  37 merfolk
  10 blink frogs
  12 snapping turtles
  A tyrant leech (shapeshifter) (D:15)
  6 trolls
  18 hornets
  3 dream sheep (Shoals:3)
  6 boulder beetles
  12 hippogriffs
  103 slime creatures
  A spriggan (shapeshifter) (Depths:1)
  2 flying skulls (Depths:3)
  5 shadows
  A centaur simulacrum (D:14)
  96 redbacks
  17 water elementals
  28 tarantellas
  44 yaks
  A hog (Spider:3)
  4 basilisks
  3 wraiths
  3 wyverns
  5 fire elementals
  11 fire bats (Volcano)
  20 humans (D:14)
  A golden eye (shapeshifter) (Elf:2)
  3 steam dragons (Volcano)
  4 vampire mosquitoes (D:13)
  15 wargs
  A hungry ghost (D:7)
  A swamp worm (shapeshifter) (Vaults:2)
  2 acid dragons
  5 hell hounds
  11 water moccasins
  A soldier ant (D:11)
  An acid dragon (shapeshifter) (Depths:2)
  A floating eye (shapeshifter) (Vaults:2)
  13 porcupines
  Duvessa (D:5)
  A porcupine (shapeshifter) (Vaults:5)
  75 orc warriors
  An ettin simulacrum (Vaults:5)
  A slave (D:5)
  An eye of draining (shapeshifter) (Vaults:1)
  6 ice beasts
  2 sky beasts
  3 phantoms
  3 necrophages
  6 wolves
  4 eyes of draining
  25 centaurs
  7 boggarts
  28 ogres
  An elf skeleton (Vaults:5)
  15 crocodiles
  3 big kobolds
  10 bullfrogs
  3 earth elementals
  An ogre simulacrum (Vaults:1)
  Dowan (D:5)
  A wyvern skeleton (D:10)
  5 scorpions
  34 killer bees
  4 wights (D:11)
  9 howler monkeys
  4 electric eels
  5 crimson imps
  2 bullfrog zombies
  4 jellies
  4 lava snakes (Volcano)
  4 quasits
  3 bullfrog skeletons
  22 orc priests
  10 hounds
  6 centaur skeletons
  Ijyb (D:3)
  Terence (D:2)
  3 iguanas
  27 orc wizards
  9 worker ants
  2 hound zombies
  2 hound skeletons
  A howler monkey zombie (D:9)
  10 adders
  3 gnolls (D:5)
  A river rat (Lair:5)
  3 shadow imps
  An adder skeleton (D:7)
  3 worms
  2 dart slugs
  3 leopard geckos
  145 orcs
  2 ball pythons
  2 bat zombies (D:4)
  5 giant cockroaches
  14 goblins
  9 hobgoblins
  14 jackals
  21 kobolds
  6 weasels
  7 bats
  4 frilled lizards
  7 rats
  A rat zombie (D:4)
  8 plants
2398 creatures vanquished.

Vanquished Creatures (others)
  2 deep elf master archers (Elf:3)
  A lich (Depths:1)
  Nessos (D:15)
  A slime creature (Lair:5)
  2 merfolk javelineers (Shoals:4)
  2 yaktaur captains (Vaults:5)
  A deep troll shaman (Vaults:5)
  4 satyrs
  2 deep elf knights
  A shadow wraith (Vaults:3)
  6 deep elf archers
  A wolf spider (Spider:3)
  An orb spider (Spider:4)
  A deep elf mage (Elf:3)
  A faun (Shoals:4)
  9 yaktaurs
  A merfolk (Shoals:4)
  A redback (Spider:1)
  A human (Spider:3)
  An orc warrior (Vaults:5)
  A boggart (Depths:2)
  2 centaurs
  4 orcs
  A bush (Lair:5)
  A crawling corpse (Elf:3)
  7 fungi
  51 plants
107 creatures vanquished.

Grand Total: 2505 creatures vanquished

Notes
Turn   | Place    | Note
-------+----------+-------------------------------------------
     0 | D:1      | catcat the Mountain Dwarf Fighter began the quest for the
                  | Orb.
     0 | D:1      | Reached XP level 1. HP: 19/19 MP: 0/0
   380 | D:1      | Reached XP level 2. HP: 27/27 MP: 1/1
   748 | D:2      | Found a snail-covered altar of Cheibriados.
   800 | D:2      | Noticed Terence
   818 | D:2      | Reached XP level 3. HP: 25/33 MP: 2/2
   828 | D:2      | Killed Terence
   950 | D:2      | Reached XP level 4. HP: 41/41 MP: 3/3
  1549 | D:2      | Reached skill level 5 in Maces & Flails
  2164 | D:3      | Reached skill level 5 in Fighting
  2164 | D:3      | Reached XP level 5. HP: 41/48 MP: 4/4
  2287 | D:3      | Found a shattered altar of Ashenzari.
  2690 | D:3      | Reached skill level 1 in Dodging
  2867 | D:3      | Reached XP level 6. HP: 47/56 MP: 5/5
  2995 | D:3      | Noticed Ijyb
  3009 | D:3      | Killed Ijyb
  3545 | D:4      | Reached skill level 5 in Armour
  3723 | D:4      | Found a shattered altar of Ashenzari.
  3729 | D:4      | Found an iron altar of Okawaru.
  3729 | D:4      | Found a shimmering altar of Xom.
  3737 | D:4      | Found a glowing silver altar of Zin.
  3737 | D:4      | Found a hazy altar of Hepliaklqana.
  3737 | D:4      | Found a blossoming altar of Fedhas.
  3806 | D:4      | Reached XP level 7. HP: 61/61 MP: 6/6
  3832 | D:4      | Found Reate's Food Shop.
  3911 | D:4      | Found a blossoming altar of Fedhas.
  3911 | D:4      | Found a bloodstained altar of Trog.
  3912 | D:4      | Found a deep blue altar of Sif Muna.
  4034 | D:4      | Found an ancient bone altar of Kikubaaqudgha.
  4182 | D:5      | Entered Level 5 of the Dungeon
  4774 | D:5      | Noticed Pikel
  4779 | D:5      | Reached XP level 8. HP: 68/68 MP: 7/7
  4789 | D:5      | Reached skill level 5 in Shields
  4794 | D:5      | Killed Pikel
  4794 | D:5      | Reached skill level 10 in Maces & Flails
  4807 | D:5      | Noticed Dowan
  4807 | D:5      | Noticed Duvessa
  4822 | D:5      | Killed Duvessa
  4824 | D:5      | Killed Dowan
  5105 | D:5      | Found a stormy altar of Qazlal.
  5338 | D:6      | Got a crystal morningstar
  5352 | D:5      | Identified the +8 morningstar of Foul Odors {flame, +Inv
                  | rPois rC- Int+3} (You found it on level 6 of the Dungeon)
  5358 | D:6      | Reached XP level 9. HP: 74/74 MP: 8/8
  5479 | D:6      | Found Ajuacen's Magic Scroll Emporium.
  5780 | D:6      | Found Vijaidgh's Assorted Antiques.
  5794 | D:6      | Found Beomaov's Antique Weapon Shoppe.
  6203 | D:6      | Found Ruaxtuc's Weapon Boutique.
  6492 | D:7      | Found a staircase to the Ecumenical Temple.
  6506 | Temple   | Entered the Ecumenical Temple
  6740 | Temple   | Became a worshipper of Warmaster Okawaru
  7069 | D:7      | Reached * piety under Okawaru
  7756 | D:8      | Found a sacrificial altar of Ru.
  8077 | D:8      | Found a blossoming altar of Fedhas.
  8223 | D:8      | Reached XP level 10. HP: 80/83 MP: 9/9
  8237 | D:8      | Found a staircase to the Lair.
  8268 | D:8      | Noticed a two-headed ogre
  8274 | D:8      | Killed a two-headed ogre
  8274 | D:8      | Reached ** piety under Okawaru
  8371 | D:8      | Found an opulent altar of Gozag.
  8883 | D:9      | Reached *** piety under Okawaru
  8933 | D:9      | Reached skill level 1 in Invocations
  8935 | D:9      | Reached skill level 15 in Maces & Flails
  9465 | D:10     | Entered Level 10 of the Dungeon
  9603 | D:10     | Found a staircase to the Orcish Mines.
  9604 | D:10     | Noticed Urug
  9632 | D:10     | Killed Urug
  9636 | D:10     | Reached XP level 11. HP: 60/92 MP: 12/12
  9867 | D:10     | Reached **** piety under Okawaru
 10353 | Lair:1   | Entered Level 1 of the Lair of Beasts
 10499 | Lair:1   | Reached ***** piety under Okawaru
 10974 | Lair:1   | Reached skill level 5 in Invocations
 11358 | Lair:1   | Identified 2 scrolls of acquirement
 11371 | Lair:1   | Got a coiled copper ring
 11373 | Lair:1   | Identified the ring of Surcheass {rC++ MR- Int+3} (You
                  | acquired it on level 1 of the Lair of Beasts)
 11406 | Lair:1   | Reached skill level 1 in Evocations
 12292 | Lair:2   | Found a staircase to the Shoals.
 12302 | Lair:2   | Received a gift from Okawaru
 12321 | Lair:2   | Reached XP level 12. HP: 102/106 MP: 16/16
 12336 | Lair:2   | Reached skill level 10 in Fighting
 13013 | Lair:3   | Found a labyrinth entrance.
 13016 | Lair:3   | Noticed a death yak
 13017 | Lair:3   | Noticed a death yak
 13017 | Lair:3   | Noticed a death yak
 13017 | Lair:3   | Noticed a death yak
 13018 | Lair:3   | Noticed a death yak
 13019 | Lair:3   | Noticed a death yak
 13022 | Lab      | Entered a labyrinth
 13164 | Lab      | Noticed a minotaur
 13172 | Lab      | Killed a minotaur
 13322 | Lab      | Identified Toxzo's Disquisition on Orientation and
                  | Weightlessness
 13345 | Lair:3   | Killed a death yak
 13350 | Lair:3   | Killed a death yak
 13665 | Lair:3   | Noticed Gastronok
 13676 | Lair:3   | Killed Gastronok
 13676 | Lair:3   | Reached ****** piety under Okawaru
 13676 | Lair:3   | Received a gift from Okawaru
 13676 | Lair:3   | Reached skill level 10 in Shields
 13744 | Lair:3   | Got a pair of twisted boots
 13750 | Lair:3   | Identified the cursed -1 pair of boots "Kebbi" {-Cast MR+
                  | Str+4 Dex+4} (You found it on level 3 of the Lair of
                  | Beasts)
 13902 | Lair:3   | Received a gift from Okawaru
 13939 | Lair:3   | Got a transparent platinum ring
 13942 | Lair:3   | Identified the ring "Waopril" {rCorr Int+4} (You acquired
                  | it on level 3 of the Lair of Beasts)
 13945 | Lair:3   | Got a twitching golden amulet
 13947 | Lair:3   | Identified the cursed amulet "Udulanag" {Faith rN++ Int+2
                  | *Curse} (You acquired it on level 3 of the Lair of Beasts)
 14040 | Lair:3   | Reached skill level 5 in Dodging
 14085 | Lair:3   | Noticed a five-headed hydra
 14091 | Lair:3   | Killed a five-headed hydra
 14292 | Lair:3   | Killed a death yak
 14292 | Lair:3   | Reached skill level 10 in Armour
 14301 | Lair:3   | Killed a death yak
 14308 | Lair:3   | Killed a death yak
 14315 | Lair:3   | Killed a death yak
 14315 | Lair:3   | Reached XP level 13. HP: 66/116 MP: 17/17
 14964 | Lair:4   | Found a dark tunnel.
 14974 | Volcano  | Entered a volcano
 15175 | Volcano  | Reached skill level 5 in Evocations
 15308 | Volcano  | Found a burning altar of Makhleb.
 15413 | Volcano  | Reached XP level 14. HP: 125/125 MP: 18/18
 15428 | Volcano  | Found a bloodstained altar of Trog.
 15576 | Lair:4   | Received a gift from Okawaru
 16036 | Lair:4   | Found a hole to the Spider Nest.
 16836 | Lair:5   | Found a staircase to the Slime Pits.
 16844 | Lair:5   | Found a viscous altar of Jiyva.
 16874 | Lair:5   | Received a gift from Okawaru
 18292 | Lair:5   | Received a gift from Okawaru
 18346 | Lair:5   | Got a steaming morningstar
 18347 | Lair:5   | Identified the +4 morningstar "Duivac Wir" {elec, rElec MR+
                  | Dex-5} (You found it on level 5 of the Lair of Beasts)
 18427 | Lair:5   | Reached skill level 15 in Shields
 18494 | Lair:5   | Got a steaming tin ring
 18627 | Lair:6   | Entered Level 6 of the Lair of Beasts
 18749 | Lair:6   | Identified the ring "Faro" {rN+ Str+2 Int-2 Slay+2} (You
                  | found it on level 5 of the Lair of Beasts)
 19139 | Lair:6   | Found a basalt altar of Yredelemnul.
 19603 | Lair:6   | Reached XP level 15. HP: 133/133 MP: 20/20
 19819 | Lair:6   | Received a gift from Okawaru
 20644 | Orc:1    | Entered Level 1 of the Orcish Mines
 20990 | Orc:2    | Entered Level 2 of the Orcish Mines
 20990 | Orc:2    | Found a staircase to the Elven Halls.
 21060 | Orc:2    | Noticed an orc warlord
 21081 | Orc:2    | Killed an orc warlord
 21479 | Orc:2    | Found Safiozxa's Weapon Boutique.
 21561 | Orc:2    | Found Maosigu's Assorted Antiques.
 21760 | Orc:2    | Noticed Maurice
 21771 | Orc:2    | Killed Maurice
 21872 | Orc:2    | Found Maf Ala's Food Emporium.
 21872 | Orc:2    | Found Nezxasae's Assorted Antiques.
 22040 | Orc:2    | Found a roughly hewn altar of Beogh.
 22193 | Orc:1    | Noticed an orc warlord
 22231 | Orc:1    | Killed an orc warlord
 22858 | D:11     | Paralysed by a hornet for 1 turns
 23496 | D:12     | Noticed Snorg
 23505 | D:12     | Killed Snorg
 23505 | D:12     | Received a gift from Okawaru
 23691 | D:12     | Found a snail-covered altar of Cheibriados.
 24195 | D:12     | Found Edghuank's Antique Armour Shoppe.
 24401 | D:13     | Noticed Sonja
 24410 | D:13     | Killed Sonja
 24970 | D:13     | Noticed Rupert
 24988 | D:13     | Killed Rupert
 24988 | D:13     | Reached XP level 16. HP: 141/147 MP: 14/21
 25161 | D:14     | Reached skill level 15 in Fighting
 25167 | D:14     | Received a gift from Okawaru
 25192 | D:14     | Got an ichor-stained helmet {god gift}
 25203 | D:14     | Identified the +4 helmet of the Other Side {-Cast rN+
                  | Regen+ Str+2} (Okawaru gifted it to you on level 14 of the
                  | Dungeon)
 25368 | D:14     | Found an iron altar of Okawaru.
 25467 | D:14     | Noticed Louise
 25489 | D:14     | Killed Louise
 25752 | D:14     | Found a gate to the Vaults.
 25910 | D:15     | Entered Level 15 of the Dungeon
 25923 | D:15     | Noticed Nessos
 25932 | D:15     | Killed Nessos
 26106 | D:15     | Noticed Agnes
 26121 | D:15     | Killed Agnes
 26224 | D:15     | Found Zippab's Distillery.
 26294 | D:15     | Received a gift from Okawaru
 26590 | D:15     | Found a staircase to the Depths.
 27118 | Spider:1 | Entered Level 1 of the Spider Nest
 27126 | Spider:1 | Reached skill level 10 in Evocations
 27166 | Spider:1 | Received a gift from Okawaru
 27390 | Lair:4   | Reached skill level 10 in Invocations
 27686 | Lair:4   | Received a gift from Okawaru
 27690 | Lair:4   | Got a warped morningstar {god gift}
 27691 | Lair:4   | Identified the +1 morningstar of Wyoniaqo {flame, rC+}
                  | (Okawaru gifted it to you on level 4 of the Lair of Beasts)
 27869 | Spider:1 | Reached skill level 15 in Armour
 27876 | Spider:1 | Reached XP level 17. HP: 150/156 MP: 23/23
 28481 | Spider:2 | Received a gift from Okawaru
 29044 | Spider:2 | Reached skill level 10 in Dodging
 29799 | Spider:3 | Noticed Azrael
 29819 | Spider:3 | Killed Azrael
 30233 | Spider:3 | Noticed Kirke
 30242 | Spider:3 | Killed Kirke
 30326 | Spider:3 | Noticed Nikola
 30336 | Spider:3 | Killed Nikola
 30519 | Spider:4 | Entered Level 4 of the Spider Nest
 30621 | Spider:4 | Received a gift from Okawaru
 31624 | Spider:4 | Reached XP level 18. HP: 69/166 MP: 2/25
 31650 | Spider:4 | Received a gift from Okawaru
 32011 | Spider:4 | Got a gossamer rune of Zot
 32340 | Shoals:1 | Entered Level 1 of the Shoals
 33896 | Shoals:2 | Found Feuleneq's Antique Armour Emporium.
 33911 | Shoals:2 | Bought a pair of scorched gloves for 294 gold pieces
 33921 | Shoals:2 | Identified the +2 pair of gloves of Defence {-Cast rF++}
                  | (You bought it in a shop on level 2 of the Shoals)
 34004 | Shoals:2 | Received a gift from Okawaru
 34885 | Shoals:4 | Entered Level 4 of the Shoals
 35353 | Shoals:4 | Identified a +1 pair of boots of running (You found it on
                  | level 4 of the Shoals)
 35423 | Shoals:4 | Received a gift from Okawaru
 35997 | Shoals:4 | Reached XP level 19. HP: 181/181 MP: 26/26
 36189 | Shoals:4 | Got a barnacled rune of Zot
 36588 | Shoals:4 | Received a gift from Okawaru
 36944 | Shoals:4 | Found Piprour's Magic Scroll Shoppe.
 36953 | Shoals:4 | Bought a scroll of blinking for 135 gold pieces
 37582 | Vaults:1 | Entered Level 1 of the Vaults
 37688 | Vaults:1 | Noticed catcat's ghost (adept MDFi)
 37697 | Vaults:1 | Witnessed revenge of catcat's ghost on a vault warden.
 38733 | Vaults:1 | Received a gift from Okawaru
 38743 | Vaults:1 | Got an encrusted morningstar {god gift}
 38744 | Vaults:1 | Identified the +9 morningstar "Xoumna Jiot" {flame, Str+7
                  | Dex+3} (Okawaru gifted it to you on level 1 of the Vaults)
 39393 | Vaults:2 | Received a gift from Okawaru
 39572 | Vaults:2 | Reached XP level 20. HP: 191/191 MP: 27/27
 39579 | Vaults:2 | Received a gift from Okawaru
 39752 | Vaults:2 | Received a gift from Okawaru
 39820 | Vaults:2 | Found Romohaje's Gadget Shop.
 40201 | Vaults:2 | Found a staircase to the Crypt.
 40201 | Vaults:2 | Found a basalt altar of Yredelemnul.
 40202 | Vaults:2 | Found an ancient bone altar of Kikubaaqudgha.
 40594 | Vaults:2 | Received a gift from Okawaru
 40713 | Vaults:2 | Got a pitted morningstar {god gift}
 40714 | Vaults:2 | Identified the +2 morningstar "Wunyit" {flame, rPois Dex+4}
                  | (Okawaru gifted it to you on level 2 of the Vaults)
 41629 | Vaults:3 | Received a gift from Okawaru
 42272 | Vaults:3 | Received a gift from Okawaru
 42640 | Vaults:2 | Received a gift from Okawaru
 42644 | Vaults:2 | Reached XP level 21. HP: 183/201 MP: 29/29
 42974 | Vaults:4 | Found a portal to a secret trove of treasure.
 43199 | Vaults:4 | Noticed Margery
 43211 | Vaults:4 | Killed Margery
 43765 | Vaults:4 | Received a gift from Okawaru
 44285 | Vaults:5 | Entered Level 5 of the Vaults
 44661 | Vaults:4 | Received a gift from Okawaru
 44881 | Vaults:5 | Noticed a golden dragon
 44903 | Vaults:5 | Killed a golden dragon
 44916 | Vaults:5 | Reached XP level 22. HP: 129/213 MP: 30/30
 45079 | Vaults:5 | Received a gift from Okawaru
 45155 | Vaults:5 | Gained mutation: You are weak. (Str -2) [a neqoxec]
 45164 | Vaults:5 | Noticed a golden dragon
 45184 | Vaults:5 | Killed a golden dragon
 45441 | Vaults:5 | Received a gift from Okawaru
 45787 | Vaults:5 | Found the +3 giant club "Skullcrusher" {speed, Str+7}
 46038 | Vaults:5 | Received a gift from Okawaru
 46066 | Vaults:5 | Noticed an ancient lich
 46079 | Vaults:5 | Killed an ancient lich
 46675 | Vaults:5 | Identified The Advanced Guide to Spellcraft
 46687 | Vaults:5 | Received a gift from Okawaru
 46687 | Vaults:5 | Noticed an ancient lich
 46690 | Vaults:5 | Noticed an ancient lich
 46712 | Vaults:5 | Killed an ancient lich
 46712 | Vaults:5 | Reached XP level 23. HP: 59/223 MP: 23/31
 46721 | Vaults:5 | Killed an ancient lich
 47072 | Vaults:5 | Identified the +7 broad axe of Bodily Harmony {freeze,
                  | Int+4 Dex+4} (You took it off an ironheart preserver on
                  | level 5 of the Vaults)
 47708 | Vaults:5 | Got a silver rune of Zot
 47802 | Vaults:5 | Got a pitted bone ring
 47804 | Vaults:5 | Identified the ring of Bujue {rC+ rN++ Int+2 Dex+3} (You
                  | took it off an ironheart preserver on level 5 of the
                  | Vaults)
 47815 | Vaults:5 | Got a slimy cloak {god gift}
 47826 | Vaults:5 | Identified the +0 cloak "Louttapp" {Stlth+} (Okawaru gifted
                  | it to you on level 5 of the Vaults)
 47857 | Vaults:5 | Got a blackened chain mail {god gift}
 47868 | Vaults:5 | Identified the +2 chain mail of the Furies {rElec} (Okawaru
                  | gifted it to you on level 5 of the Vaults)
 48222 | Elf:1    | Entered Level 1 of the Elven Halls
 48329 | Elf:1    | Received a gift from Okawaru
 48359 | Elf:1    | Found Xyeloo's Antique Armour Shoppe.
 48432 | Elf:1    | Found Morchyefu's Distillery.
 48442 | Elf:1    | Bought a potion of haste for 160 gold pieces
 48445 | Elf:1    | Found Gaiphar's Assorted Antiques.
 48486 | Elf:1    | You fall through a shaft!
 48660 | Elf:2    | Found a runed gate.
 48661 | Elf:2    | Found a runed gate.
 48663 | Elf:2    | Found a runed gate.
 48874 | Elf:2    | Found a magical portal.
 48903 | WizLab   | Entered Wucad Mu's Monastery
 49271 | WizLab   | Found the +9 staff of Wucad Mu {channel}
 49350 | WizLab   | Reached XP level 24. HP: 234/234 MP: 25/31
 50098 | Elf:1    | Found Ysecoxt's Antique Armour Shop.
 50654 | Elf:2    | Received a gift from Okawaru
 51097 | Elf:3    | Entered Level 3 of the Elven Halls
 51590 | Elf:3    | Identified the ring of Equivalence {rPois rF++ rN+ Dex+4}
                  | (You took it off a deep elf high priest on level 3 of the
                  | Elven Halls)
 52082 | Elf:3    | Reached XP level 25. HP: 239/249 MP: 32/32
 52381 | Elf:3    | Identified the +2 pair of gloves of Least Resistance {rF+
                  | Regen+} (You found it on level 3 of the Elven Halls)
 52540 | Elf:3    | Received a gift from Okawaru
 52707 | Elf:3    | Got a translucent helmet
 52718 | Elf:3    | Identified the +2 helmet of the Maze {rPois rC- rCorr
                  | Slay+2} (You found it on level 3 of the Elven Halls)
 53667 | Slime:1  | Entered Level 1 of the Pits of Slime
 54436 | Slime:2  | Gained mutation: You occasionally shout uncontrollably at
                  | your foes. [a shining eye]
 54439 | Slime:2  | Gained mutation: You are dopey. (Int -2) [a shining eye]
 54630 | Slime:3  | Gained mutation: Your body sometimes deteriorates upon
                  | taking damage. [a shining eye]
 54792 | Slime:5  | Entered Level 5 of the Pits of Slime
 54878 | Slime:5  | Gained mutation: Armour fits poorly on your strangely
                  | shaped body. [a shining eye]
 54887 | Slime:5  | Reached skill level 15 in Dodging
 54975 | Slime:5  | Received a gift from Okawaru
 55082 | Slime:5  | Noticed the Royal Jelly
 55532 | Slime:5  | Killed the Royal Jelly
 55532 | Slime:5  | Reached skill level 15 in Evocations
 55925 | Slime:5  | Gained mutation: Your magical capacity is low. (-10% MP) [a
                  | shining eye]
 55926 | Slime:5  | Gained mutation: You are very weak. (Str -4) [a shining
                  | eye]
 55928 | Slime:5  | Gained mutation: You tend to lose your temper in combat. [a
                  | shining eye]
 55930 | Slime:5  | Gained mutation: You are clumsy. (Dex -2) [a shining eye]
 55934 | Slime:5  | Gained mutation: Your spells are a little easier to cast,
                  | but a little less powerful. [a shining eye]
 55936 | Slime:5  | Gained mutation: You are very dopey. (Int -4) [a shining
                  | eye]
 55939 | Slime:5  | Lost mutation: You are very dopey. (Int -4) [potion of
                  | mutation]
 55939 | Slime:5  | Lost mutation: You are very weak. (Str -4) [potion of
                  | mutation]
 55939 | Slime:5  | Lost mutation: You are dopey. (Int -2) [potion of mutation]
 55939 | Slime:5  | Gained mutation: You are very weak. (Str -4) [potion of
                  | mutation]
 55939 | Slime:5  | Gained mutation: You have large cloven feet. [potion of
                  | mutation]
 55950 | Slime:5  | Got a slimy rune of Zot
 55952 | Slime:5  | Got a vibrating iron ring
 55954 | Slime:5  | Identified the ring "Womej" {MR+ Str+3 Dex+4} (You found it
                  | on level 5 of the Pits of Slime)
 55996 | Slime:5  | Identified the +0 pair of gloves of Loss {Str+2} (You found
                  | it on level 5 of the Pits of Slime)
 56075 | Slime:5  | Got a warped lead ring
 56077 | Slime:5  | Identified the ring of Arghana {rElec rF+ MR+ Str-2 Stlth+}
                  | (You found it on level 5 of the Pits of Slime)
 56132 | Slime:5  | Got a twisted chain mail
 56143 | Slime:5  | Identified the +7 chain mail of Ufem {*Slow rC- Regen+
                  | Str+10} (You found it on level 5 of the Pits of Slime)
 56805 | Depths:1 | Entered Level 1 of the Depths
 57118 | Depths:1 | Found a gateway to Hell.
 57306 | Depths:1 | Reached XP level 26. HP: 255/255 MP: 30/30
 57353 | Depths:1 | Found a shadowy altar of Dithmenos.
 57424 | Depths:1 | Found a one-way gate leading to the halls of Pandemonium.
 57522 | Depths:1 | Received a gift from Okawaru
 57972 | Depths:1 | Found a runed door.
 58027 | Depths:1 | Found a gateway to a ziggurat.
 58261 | Depths:1 | Found a roughly hewn altar of Beogh.
 58690 | Orc:2    | Bought a potion of mutation for 264 gold pieces
 59764 | Depths:3 | Received a gift from Okawaru
 59806 | Depths:3 | Found a deep blue altar of Sif Muna.
 59927 | Depths:3 | Found a shimmering altar of Xom.
 60427 | Depths:3 | Got a crude helmet
 60438 | Depths:3 | Identified the cursed -6 helmet of the King of the Hill
                  | {Int+4 Dex+2} (You found it on level 3 of the Depths)
 60516 | Depths:3 | Received a gift from Okawaru
 60716 | Depths:3 | Slain by a stone giant

Vault maps used:
D:1:      saegor_arrival_simple_a
D:2:      nicolae_overflow_hidden_temple, uniq_terence
D:3:      kennysheep_goblin_castle, nicolae_overflow_crystal_walls
D:4:      lemuel_zombie_altar_kikubaaqudgha, gammafunk_temple_overflow_claw,
          serial_shops, nicolae_shop_stone, doesnt_xom_only_xom
D:5:      first_bread, grunt_qazlal_sundering, uniq_pikel, uniq_duvessa
D:6:      serial_shops, nicolae_shop_stone, nicolae_shop_behind_doors, shop,
          shop_fountains, kennysheep_generic_room_13
D:7:      minmay_temple_entry_steel_oval
D:8:      hangedman_ru_absence, lemuel_round_altar,
          grunt_lair_entry_orc_guard_hut, fedhas_altar_2
D:10:     cheibrodos_iron_armory, david_orc_2, uniq_urug
D:11:     hangedman_pestilent_swarm
D:12:     serial_shops, shop, cheibriados_altar_1, uniq_snorg
D:13:     tgw_sif, uniq_sonja, uniq_rupert
D:14:     grunt_vaults_entry_tiered, basic_altar, lemuel_flamethrower_1,
          uniq_louise
D:15:     hangedman_depths_entry_civil_slaughter, serial_shops,
          nicolae_shop_waterfront, columned_hall_lemuel, uniq_agnes, uniq_nessos
Temple:   dpeg_chambers_temple
Lair:1:   hangedman_lair_unloving_vines, beast_lair_carwin_10,
          lemuel_fruit_fields
Lair:2:   minmay_shoals_entry_beasts, serial_bayou_lake_a, lemuel_fruit_fields
Lair:3:   lab_entry_generic, uniq_gastronok
Lair:4:   nicolae_spider_entry_tight_spaces, lightli_volcano_entry_magma_tube,
          st_stairs_4, serial_bayou_shore_b, grunt_megastairs_4
Lair:5:   regret_index_harrowing_hell_hive, slime_altar_1, minivault_23,
          lemuel_fruit_tree, grunt_megastairs_3
Lair:6:   due_jungle_book, basic_altar, serial_bayou_pond_d,
          minmay_stone_trees_small, minmay_lair_oklob_chamber
Shoals:2: serial_shops, nicolae_shop_statue_plus
Shoals:3: serial_shops, nicolae_shop_statue_plus
Shoals:4: shoals_end_simple, serial_shops, shop, nicolae_shoals_square_sea_wall,
          nicolae_shoals_hunting_party
Spider:1: spider_trap
Spider:2: cheibrodos_forgotten_conduit, spider_trap
Spider:3: uniq_nikola, uniq_azrael, uniq_kirke
Spider:4: grunt_spider_rune_parallel, spider_trap
Slime:1:  nicolae_slime_pool
Slime:3:  basic_altar
Orc:2:    st_orc_town, abandoned_shop, uniq_maurice
Elf:1:    eino_elf_arrival_shootout, serial_shops, nicolae_shop_waterfront,
          shop_statue, nicolae_shop_overgrown_old_shop, shop, minivault_28
Elf:2:    mu_enter_wizlab_1
Elf:3:    grunt_elf_hall_diamonds, minmay_strange_pillars
Vaults:1: nicolae_vaults_twisting_passages, v_pattern_3, v_rooms_1,
          nicolae_vaults_little_squares_2, grunt_vaults_focal,
          ontoclasm_vaults_loading_screen, vaults_room_stairs_pillars,
          vaults_room_door_ring, nicolae_vaults_diagonal_hallway_8,
          nicolae_vaults_little_squares_1
Vaults:2: hangedman_vaults_stream, minmay_crypt_entry_necro_gods,
          dpeg_vaults_monster_row, hangedman_vaults_hat,
          ontoclasm_vaults_gateway, nicolae_vaults_sealed_display,
          hangedman_vaults_maws, vaults_mumra_minichess,
          nicolae_vaults_circle_grid_a, nicolae_vaults_circle_grid_b,
          vaults_dpeg_hooks, vaults_room_guarded_vault, serial_shops,
          shop_fountains
Vaults:3: v_misc_5, nicolae_vaults_network_barrier, nicolae_vaults_big_ls,
          v_misc_32, ontoclasm_vaults_twist, hangedman_vaults_hard_town_square,
          vaults_mumra_hex, v_alt_pattern_4, hangedman_vaults_stitches,
          ontoclasm_vaults_misaligned
Vaults:4: nicolae_vaults_network_s, v_alt_pattern_2, hangedman_vaults_snaps,
          st_hourglassy, v_misc_29, hangedman_vaults_stagger,
          grunt_vaults_funnel, vaults_room_semicircle, enter_trove_3,
          uniq_margery
Vaults:5: serial_shops
Depths:1: enter_ziggurat_c, lemuel_statue_altar, rand_demon_pan_entry_5,
          hell_entry, hangedman_decor_points, lightli_church_of_beogh,
          grunt_megastairs_1
Depths:2: minmay_bloctagon_deflated, hell_entry, fountainhead, lightli_minifort
Depths:3: grunt_profane_halls, pan_entry, hell_entry
Lab:      labyrinth_watery, nicolae_lab_t_cross, nicolae_lab_big_swirl,
          labyrinth_skeletal_remains, nicolae_lab_do_over
Volcano:  volcano_grotto
WizLab:   wizlab_wucad

Skill      XL: |  1  2  3  4  5  6  7  8  9 10 11 12 13 14 15 16 17 18 19 20 21 22 23 24 25 26 |
---------------+-------------------------------------------------------------------------------+-----
Maces & Flails | 3 4 5 6 7 9 11 13 15 16 | 16.0
Fighting       | 4 5 6 7 9 11 12 14 15 16 18 19 20 21 22 25 | 25.0
Dodging        | 1 2 3 4 5 6 8 9 10 11 12 13 14 15 16 | 16.0
Armour         | 5 6 7 8 11 12 14 15 16 18 19 20 21 22 25 | 25.2
Shields        | 4 6 7 11 13 15 17 18 19 21 22 24 25 | 25.0
Invocations    | 3 7 8 9 10 11 12 14 | 14.0
Evocations     | 3 5 7 8 10 11 12 16 17 | 17.0

Action                   |  1- 3 |  4- 6 |  7- 9 | 10-12 | 13-15 | 16-18 | 19-21 | 22-24 | 25-27 || total
-------------------------+-------+-------+-------+-------+-------+-------+-------+-------+-------++-------
Melee: Flail             |   112 |   232 |   143 |       |       |       |       |       |       ||   487
       Morningstar       |       |       |   191 |   432 |  1130 |  1762 |  1742 |  1180 |  1511 ||  7948
Invok: Heroism           |       |       |       |     2 |     4 |     3 |     1 |     2 |     4 ||    16
       Finesse           |       |       |       |     1 |     3 |     2 |     1 |     2 |     4 ||    13
Evoke: Wand              |       |       |       |     1 |     1 |     7 |       |     4 |     4 ||    17
  Use: Scroll            |     2 |     8 |     1 |    14 |    12 |    11 |     6 |     6 |    14 ||    74
       Potion            |       |       |       |     1 |     1 |     1 |     1 |     4 |     4 ||    12
 Stab: Distracted        |       |       |       |       |       |       |       |     1 |       ||     1
  Eat: Chunk             |       |    10 |    24 |    17 |    28 |    38 |    31 |    20 |    18 ||   186
       Honeycomb         |       |       |       |       |       |       |       |     2 |     3 ||     5
       Meat ration       |       |       |       |       |       |       |       |       |     1 ||     1
Armor: Scale mail        |    26 |    41 |       |       |       |       |       |       |       ||    67
       Chain mail        |    30 |    61 |   142 |   108 |       |       |       |       |       ||   341
       Skin              |       |       |       |     2 |       |       |       |       |       ||     2
       Plate armour      |       |       |       |    37 |   321 |   779 |   365 |   233 |   426 ||  2161
       Gold dragon scale |       |       |       |       |       |       |       |       |    30 ||    30
Dodge: Dodged            |    32 |    68 |    59 |    82 |   326 |   598 |   462 |   299 |   834 ||  2760
Block: Shield            |    68 |   141 |   158 |   208 |   879 |    35 |       |       |       ||  1489
       Large shield      |       |       |       |       |       |  2484 |  2103 |  1273 |  2123 ||  7983
       Reflection        |       |       |       |       |       |    81 |   169 |   168 |    78 ||   496

Table legend:
 A = Spawn XP
 B = Non-spawn XP
 C = Spawn XP percentage of total XP
 D = Spawn monster count
 E = Non-spawn monster count
 F = Spawn count percentage of total count
 G = Total turns spent on level
                    A         B        C        D         E        F      G
               +---------+---------+-------+---------+---------+-------+---------
         Total |  137495 | 1150270 |  10.7 |     282 |    2109 |  11.8 | 60716
               +---------+---------+-------+---------+---------+-------+---------
           D:1 |       4 |      15 |  21.1 |       2 |      10 |  16.7 |   505
           D:2 |      18 |     123 |  12.8 |       5 |      22 |  18.5 |  1641
           D:3 |       8 |     274 |   2.8 |       5 |      34 |  12.8 |  1155
           D:4 |      11 |     397 |   2.7 |       4 |      17 |  19.0 |   881
           D:5 |      45 |    1811 |   2.4 |       1 |      28 |   3.4 |  1136
           D:6 |     252 |     485 |  34.2 |       2 |      21 |   8.7 |  1091
           D:7 |     101 |     987 |   9.3 |       9 |      22 |  29.0 |   894
           D:8 |     288 |    2070 |  12.2 |       5 |      26 |  16.1 |  1028
           D:9 |     362 |    2694 |  11.8 |       6 |      24 |  20.0 |  1114
          D:10 |     365 |    2333 |  13.5 |       2 |      26 |   7.1 |  1322
          D:11 |     339 |    4077 |   7.7 |       3 |      18 |  14.3 |   587
          D:12 |    1496 |    5745 |  20.7 |       7 |      31 |  18.4 |  1026
          D:13 |    1090 |   10744 |   9.2 |       2 |      32 |   5.9 |  1024
          D:14 |     706 |   16004 |   4.2 |       4 |      42 |   8.7 |   977
          D:15 |    9104 |   18827 |  32.6 |      13 |      30 |  30.2 |  1099
        Lair:1 |     486 |    6861 |   6.6 |       2 |      30 |   6.2 |  1575
        Lair:2 |     569 |    3668 |  13.4 |       2 |      14 |  12.5 |  1737
        Lair:3 |      93 |   13701 |   0.7 |       1 |      30 |   3.2 |  1215
        Lair:4 |     247 |   12476 |   1.9 |       1 |      50 |   2.0 |  2147
        Lair:5 |     418 |   39509 |   1.0 |       3 |     101 |   2.9 |  2616
        Lair:6 |    1255 |   17897 |   6.6 |       4 |      33 |  10.8 |  1829
      Shoals:1 |     442 |   10263 |   4.1 |       1 |      22 |   4.3 |   657
      Shoals:2 |    4101 |   13190 |  23.7 |       7 |      24 |  22.6 |  1121
      Shoals:3 |    3221 |   17259 |  15.7 |       6 |      33 |  15.4 |   667
      Shoals:4 |    3595 |   48492 |   6.9 |       7 |      90 |   7.2 |  2433
      Spider:1 |    1265 |   15624 |   7.5 |       5 |      49 |   9.3 |  1030
      Spider:2 |     879 |   16483 |   5.1 |       2 |      38 |   5.0 |   974
      Spider:3 |    1631 |   15359 |   9.6 |       6 |      27 |  18.2 |   908
      Spider:4 |    8112 |   40205 |  16.8 |      16 |      94 |  14.5 |  1674
       Slime:1 |       0 |   13525 |   0.0 |       0 |      23 |   0.0 |   226
       Slime:2 |       0 |    5349 |   0.0 |       0 |       9 |   0.0 |   154
       Slime:3 |       0 |    8305 |   0.0 |       0 |      10 |   0.0 |   175
       Slime:4 |    4467 |    7067 |  38.7 |       3 |       5 |  37.5 |   815
       Slime:5 |    5290 |   45705 |  10.4 |       3 |      35 |   7.9 |   858
         Orc:1 |     812 |    3732 |  17.9 |       5 |      45 |  10.0 |   955
         Orc:2 |     713 |   12918 |   5.2 |       2 |      93 |   2.1 |  1345
         Elf:1 |     789 |   22934 |   3.3 |       1 |      41 |   2.4 |  1172
         Elf:2 |    6111 |   46230 |  11.7 |      10 |      64 |  13.5 |  1612
         Elf:3 |     294 |   74525 |   0.4 |       2 |      70 |   2.8 |  1503
      Vaults:1 |    7396 |   43060 |  14.7 |      20 |      84 |  19.2 |  1952
      Vaults:2 |   10891 |   59387 |  15.5 |      24 |      84 |  22.2 |  1851
      Vaults:3 |    6901 |   59166 |  10.4 |      11 |     103 |   9.6 |  1855
      Vaults:4 |   16879 |   88224 |  16.1 |      25 |      94 |  21.0 |  2466
      Vaults:5 |    8826 |  167293 |   5.0 |      17 |     114 |  13.0 |  2664
      Depths:1 |   18025 |   52259 |  25.6 |      15 |      83 |  15.3 |  1589
      Depths:2 |    4680 |   29060 |  13.9 |       5 |      36 |  12.2 |   717
      Depths:3 |    4918 |   67600 |   6.8 |       6 |      76 |   7.3 |  1052
           Lab |       0 |    1065 |   0.0 |       0 |       1 |   0.0 |   315
       Volcano |       0 |    4161 |   0.0 |       0 |      20 |   0.0 |   535
        WizLab |       0 |    1132 |   0.0 |       0 |       1 |   0.0 |   580
               +---------+---------+-------+---------+---------+-------+---------
